 Seeded DCSS version 0.28.0-47-ge53b351184 (webtiles) character file.

Game seed: 2711404099192750385 (custom seed)

16 NinjaNoafa the Chucker (level 2, 0/23 HPs)
             Began as a Gnoll Wanderer on Apr 26, 2022.
             Was a Follower of Makhleb.
             Slain by a ball python (1 damage)
             ... on level 1 of the Dungeon.
             The game lasted 00:01:07 (606 turns).

NinjaNoafa the Chucker (Gnoll Wanderer)              Turns: 606, Time: 00:01:08

Health: 0/23       AC:  2    Str:  9    XL:     2   Next: 58%
Magic:  3/7        EV:  8    Int: 12    God:    Makhleb [*.....]
Gold:   65         SH:  0    Dex: 12    Spells: 9/10 levels left

rFire   . . .      SeeInvis .   a - +0 dagger
rCold   . . .      Faith    .   (no shield)
rNeg    . . .      Spirit   .   c - +0 robe
rPois   .          Reflect  .   (no helmet)
rElec   .          Harm     .   (no cloak)
rCorr   .          Rampage  .   (no gloves)
Will    .....                   (no boots)
Stlth   +.........              (no amulet)
HPRegen 0.07/turn               (no ring)
MPRegen 0.10/turn               (no ring)

@: constricted
A: fangs 1, strong nose, distributed training
a: Renounce Religion


You were on level 1 of the Dungeon.
You worshipped Makhleb.
Makhleb was aware of your devotion.
You visited 1 branch of the dungeon, and saw 1 of its levels.

You collected 65 gold pieces.

Inventory:

Hand Weapons
 a - a +0 dagger (weapon)
Missiles
 b - 7 poisoned darts (quivered)
Armour
 c - a +0 robe (worn)
Scrolls
 d - 2 scrolls of identify {unknown}
Potions
 e - a potion of brilliance {unknown}


   Skills:
 + Level 2.5 Fighting
 + Level 0.4 Short Blades
 + Level 0.4 Long Blades
 + Level 0.4 Axes
 + Level 0.4 Maces & Flails
 + Level 0.4 Polearms
 + Level 0.4 Staves
 + Level 0.4 Slings
 + Level 0.4 Bows
 + Level 0.4 Crossbows
 + Level 6.5 Throwing
 + Level 0.4 Armour
 + Level 0.4 Dodging
 + Level 0.4 Stealth
 + Level 0.4 Shields
 + Level 0.4 Unarmed Combat
 + Level 4.9 Spellcasting
 + Level 0.2 Conjurations
 + Level 0.2 Hexes
 + Level 0.2 Summonings
 + Level 0.2 Necromancy
 + Level 0.2 Translocations
 + Level 0.2 Transmutations
 + Level 0.2 Fire Magic
 + Level 0.2 Ice Magic
 + Level 0.2 Air Magic
 + Level 0.2 Earth Magic
 + Level 5.3 Poison Magic
 + Level 0.5 Invocations
 + Level 2.5 Evocations


You had 9 spell levels left.
You knew the following spells:

 Your Spells              Type           Power      Damage    Failure   Level
a - Sting                 Tmut/Pois      36%        1d4       6%          1

Your spell library contained the following spells:

 Spells                   Type           Power      Damage    Failure   Level
 Poisonous Vapours        Pois/Air       18%        N/A       10%         2
 Summon Small Mammal      Summ           12%        N/A       19%         1
 Ignite Poison            Fire/Tmut/Pois 7%         N/A       26%         3
 Conjure Flame            Conj/Fire      3%         6-21      47%         3
 Summon Guardian Golem    Hex/Summ       3%         N/A       47%         3
 Sticky Flame             Conj/Fire      3%         2d3       87%         4


Dungeon Overview and Level Annotations

Branches:
Dungeon (1/15)

Altars:
Makhleb


Innate Abilities, Weirdness & Mutations

You have very sharp teeth.
Your uncanny sense of smell can sniff out nearby items.
Your experience applies equally to all skills.


Message History

Aim: a frilled lizard (48% to hit)
The sting misses the frilled lizard.
The ball python completely misses you. The ball python constricts you.
The frilled lizard bites you.
You hit the ball python but do no damage.
The ball python bites you.
* * * LOW HITPOINT WARNING * * *
The ball python constricts you.
The frilled lizard bites you but does no damage.
You escape the ball python's grasp.
A giant cockroach comes into view.
Found a stone staircase leading down.
The frilled lizard bites you but does no damage.
The ball python bites you.
* * * LOW HITPOINT WARNING * * *
The ball python closely misses you.
You closely miss the frilled lizard. You bite the frilled lizard.
The frilled lizard is heavily wounded.
The ball python closely misses you. The ball python misses you.
The frilled lizard completely misses you.
You hit the ball python. Your punch misses the ball python.
The ball python is heavily wounded.
The ball python bites you.
* * * LOW HITPOINT WARNING * * *
The ball python barely misses you. The frilled lizard misses you.
You hit the frilled lizard.
You kill the frilled lizard!
Makhleb accepts your kill.
You feel better. The ball python bites you.
* * * LOW HITPOINT WARNING * * *
The ball python grabs you. The ball python constricts you.
The ball python barely misses you. The ball python constricts you.
You closely miss the ball python.
The ball python is heavily wounded.
The ball python bites you.
* * * LOW HITPOINT WARNING * * *
The ball python constricts you.
You hit the ball python but do no damage.
The ball python is heavily wounded.
The ball python bites you.
You die...

##....# ...#..#
∆##......# .##..#
##...$.... .##..#
#......... .....##
#......... ......#
#......... '''...####
#.........
'''......######..>.B....
_''.#.#.........@.......
'''.#.####.####S........
'''.>........>..........
........####.##......!..
........# #.##.........
........# ##.........
###.....# .#........
####### ..#......#


You could see a giant cockroach and a ball python.

Vanquished Creatures
  A dart slug (D:1)
  3 endoplasms (D:1)
  2 giant cockroaches (D:1)
  2 kobolds (D:1)
  A ball python (D:1)
  3 frilled lizards (D:1)
  2 rats (D:1)
14 creatures vanquished.

Notes
Turn   | Place    | Note
-------+----------+-------------------------------------------
     0 | D:1      | NinjaNoafa the Gnoll Wanderer began the quest for the Orb.
     0 | D:1      | NinjaNoafa set off with the following items: a +0 dagger, 7
                  | poisoned darts, a +0 robe; and the following spells
                  | available to memorise: Sting, Poisonous Vapours, Summon
                  | Small Mammal, Ignite Poison, Summon Guardian Golem
     0 | D:1      | Reached XP level 1. HP: 17/17 MP: 6/6
     2 | D:1      | Learned a level 1 spell: Sting
   351 | D:1      | Reached XP level 2. HP: 23/23 MP: 5/7
   559 | D:1      | Found a faded altar of an unknown god.
   563 | D:1      | Prayed at the altar of an unknown god.
   563 | D:1      | Became a worshipper of Makhleb the Destroyer
   563 | D:1      | Reached * piety under Makhleb
   605 | D:1      | HP: 1/23 [ball python (2)]
   606 | D:1      | Slain by a ball python

Illustrated notes

Levels and vault maps discovered:
D:1:      wander_arrival_desolate, layout_rooms,
          hellmonk_ecumenical_altar_heavens_door

Action                   || total
-------------------------++-------
Melee: Dagger            ||    23
       Bite              ||     1
 Cast: Sting             ||    22
Armor: Robe              ||     3
Dodge: Dodged            ||    19
